 Dungeon Crawl Stone Soup version 0.18-a0-1623-gee9a706 (webtiles) character file.

421 Demise101 the Cudgeler (level 6, 0/57 HPs)
             Began as a Minotaur Abyssal Knight on Mar 23, 2016.
             Was a Believer of Lugonu.
             Slain by an iguana (8 damage)
             ... on level 4 of the Dungeon.
             The game lasted 00:07:16 (3925 turns).

Demise101 the Cudgeler (Minotaur Abyssal Knight)    Turns: 3925, Time: 00:07:16

Health: 0/57       AC:  8    Str: 17    XL:     6   Next: 62%
Magic:  7/7        EV:  9    Int:  9    God:    Lugonu [**....]
Gold:   163        SH:  0    Dex: 11    Spells: 0 memorised, 5 levels left

rFire  . . .     SeeInvis .     a - +1 mace
rCold  . . .     Gourm    .     l - +0 chain mail
rNeg   . . .     Faith    .     (no shield)
rPois  .         Spirit   .     (helmet restricted)
rElec  .         Dismiss  .     (no cloak)
rCorr  .         Reflect  .     (no gloves)
SustAt .         Harm     .     (no boots)
MR     .....                    (no amulet)
Stlth  ..........               (no ring)
                                k - +2 ring of evasion

@: very slightly contaminated, drained, not resistant to hostile enchantments,
extremely unstealthy
A: retaliatory headbutt, horns 2
a: Depart the Abyss, Bend Space, Renounce Religion


You were on level 4 of the Dungeon.
You worshipped Lugonu.
Lugonu was pleased with you.
You were not hungry.

You visited 1 branch of the dungeon, and saw 5 of its levels.
You visited the Abyss 1 time.

You collected 187 gold pieces.
You spent 24 gold pieces at shops.

Inventory:

Hand Weapons
 a - a +1 mace (weapon)
Armour
 b - a +0 leather armour
 l - a +0 chain mail (worn)
Jewellery
 k - a +2 ring of evasion (left hand)
Scrolls
 e - a scroll of remove curse {unknown}
 f - a scroll of enchant weapon {unknown}
 i - a scroll of amnesia {unknown}
 m - a scroll of teleportation {unknown}
 p - a scroll of enchant armour {unknown}
 s - a scroll of magic mapping {unknown}
Potions
 d - 2 potions of curing
 j - a potion of heal wounds
 o - 2 potions of lignification
 r - a potion of brilliance
 u - a potion of flight
Comestibles
 c - 2 bread rations
 g - a slice of pizza
 n - 8 fruits
 q - 3 meat rations


   Skills:
 + Level 6.0(5.9) Fighting
 * Level 6.6(6.5) Maces & Flails
 - Level 2.4(2.3) Armour
 - Level 1.1(1.0) Dodging
 + Level 2.7(2.6) Invocations


You had 5 spell levels left.
You didn't know any spells.

Dungeon Overview and Level Annotations

Branches:
Dungeon (5/15)
 Temple: D:4-7

Altars:
Ashenzari
Makhleb
Qazlal
Ru
Xom

Shops:
D:4 *

Annotations:
D:5 Xenophilius's ghost, novice FoFi


Innate Abilities, Weirdness & Mutations

You reflexively headbutt those who attack you in melee.
You have a pair of horns on your head.


Message History

The iguana barely misses you. You furiously retaliate!
You headbutt the iguana, but do no damage.
The iguana completely misses you. You furiously retaliate!
You headbutt the iguana. You hit the iguana but do no damage.
Your headbutt misses the iguana.
The iguana is almost dead.
The iguana bites you!
* * * LOW HITPOINT WARNING * * *
You hit the iguana but do no damage.
You headbutt the iguana, but do no damage.
The iguana is almost dead.
The iguana bites you.
* * * LOW HITPOINT WARNING * * *
Unknown command.
Unknown command.
Unknown command.
You closely miss the iguana.
The iguana is severely wounded.
The iguana bites you!
You die...

...........#.#.###.##.##.##.#
...........#.#.....##.##.##.# #
....>.#.#....#....###.......# #
####..#...#######.# ###...### #
#..#......#....# #...# # #
#.........#...## #...# ####
####.##.#..#.#...# #...# ##P##
##.........#....l######...###..##
##....[....#..#.@..........P_PP.#
##.........................#....#
##.........#.##............#_.⌠.'
##.........>......#####...#.....#
##......#.##....#.# #...##_.P.#
#########.##.#..#.# #...#P#..##
#.##.#..#.# #...#####.#
#########.........#####...### ###
.......####.......<.........#


You could see an iguana.

Vanquished Creatures
  The ghost of Fuzzwah the Shooter, an amateur CeHu (D:4)
  A crimson imp (D:4)
  A hound (D:4)
  2 iguanas (D:4)
  Jessica (D:3)
  3 worker ants
  A howler monkey skeleton (D:4)
  5 adders
  2 worms (D:4)
  2 giant geckos (D:3)
  4 giant cockroaches
  10 hobgoblins
  4 jackals
  6 kobolds
  4 quokkas
  3 bats (D:1)
  8 giant newts
  4 goblins
  9 rats
71 creatures vanquished.

Notes
Turn   | Place    | Note
--------------------------------------------------------------
     0 | Abyss:1  | Demise101 the Minotaur Abyssal Knight began the quest for the Orb.
     0 | Abyss:1  | Reached XP level 1. HP: 19/19 MP: 1/1
    57 | Abyss:2  | Noticed a raiju
    58 | D:1      | Escaped the Abyss
   303 | D:1      | Reached * piety under Lugonu
   319 | D:1      | Reached XP level 2. HP: 27/27 MP: 2/2
  1171 | D:2      | Reached XP level 3. HP: 18/33 MP: 3/3
  1702 | D:2      | Reached ** piety under Lugonu
  2080 | D:3      | Noticed Jessica
  2087 | D:3      | Killed Jessica
  2087 | D:3      | Reached XP level 4. HP: 39/41 MP: 4/4
  2376 | D:3      | Found a sacrificial altar of Ru.
  2448 | D:3      | Reached skill level 5 in Fighting
  2769 | D:3      | Reached skill level 5 in Maces & Flails
  3057 | D:4      | Noticed Fuzzwah's ghost (amateur CeHu)
  3078 | D:4      | Killed Fuzzwah's ghost
  3078 | D:4      | Reached XP level 5. HP: 49/49 MP: 5/5
  3086 | D:4      | Found a sacrificial altar of Ru.
  3086 | D:4      | Found a shattered altar of Ashenzari.
  3087 | D:4      | Found a stormy altar of Qazlal.
  3187 | D:4      | Reached XP level 6. HP: 53/57 MP: 6/6
  3332 | D:4      | Found Upeiklemn's General Store.
  3340 | D:4      | Bought a scroll of identify for 24 gold pieces
  3805 | D:4      | Found a burning altar of Makhleb.
  3805 | D:4      | Found a shimmering altar of Xom.
  3886 | D:5      | Entered Level 5 of the Dungeon
  3886 | D:5      | Noticed Xenophilius's ghost (novice FoFi)
  3925 | D:4      | Slain by an iguana

Vault maps used:
D:1:      dpeg_arrival_boxorama
D:2:      kennysheep_potato
D:3:      nicolae_ru_the_path_less_chosen, uniq_jessica
D:4:      grunt_temple_overflow_champion_of_chaos,
          gammafunk_temple_overflow_forgotten, serial_shops, shop
D:5:      serial_shops, shop, first_bread, uniq_blork_the_orc,
          uniq_prince_ribbit1, uniq_edmund
Abyss:1:  lemuel_firewalk_3
Abyss:2:  guppyfry_abyss_exit_spiral_guarded

Skill      XL: |  1  2  3  4  5  6 |
---------------+-------------------+-----
Fighting       | 4 5 6 |  6.0
Maces & Flails | 3 4 5 6 |  6.6
Invocations    | 2 |  2.7
Armour         | |  2.4
Dodging        | |  1.1

Action                   |  1- 3 |  4- 6 || total
-------------------------+-------+-------++-------
Melee: Mace              |    82 |   128 ||   210
Invok: Depart the Abyss  |     1 |       ||     1
  Use: Scroll            |     1 |     4 ||     5
       Potion            |       |     3 ||     3
  Eat: Chunk             |     4 |     6 ||    10
